 Dungeon Crawl Stone Soup version 0.29.1-1-gd02db6906a (webtiles) character file.

Game seed: 10035231944364815115

350 Godmorgon the Gusty (level 6, -3/32 HPs)
             Began as a Tengu Air Elementalist on Oct 21, 2022.
             Slain by Duvessa
             ... wielding a +4 short sword of venom
              (13 damage)
             ... on level 5 of the Dungeon.
             The game lasted 00:15:05 (5434 turns).

Godmorgon the Gusty (Tengu Air Elementalist)        Turns: 5434, Time: 00:15:05

Health: -3/32      AC:  3    Str:  9    XL:     6   Next: 61%
Magic:  8/12       EV: 18    Int: 17    God:
Gold:   171        SH:  0    Dex: 14    Spells: 9/12 levels left

rFire   + . .      SeeInvis .   a - +3 spear
rCold   . . .      Faith    .   (no shield)
rNeg    . . .      Spirit   .   s - +1 robe {rF+}
rPois   .          Reflect  .   (helmet restricted)
rElec   .          Harm     .   (no cloak)
rCorr   .          Rampage  .   (no gloves)
Will    .....                   (boots unavailable)
Stlth   ++........              (no amulet)
HPRegen 0.10/turn               j - +4 ring of evasion
MPRegen 0.13/turn               (no ring)

@: lethally poisoned (-3 -> -10), flying quickly and evasively, quick
A: beak, talons 3, nimble flight
a: no special abilities


You were on level 5 of the Dungeon.
You visited 1 branch of the dungeon, and saw 5 of its levels.

You collected 199 gold pieces.
You spent 28 gold pieces at shops.

Inventory:

Hand Weapons
 a - a +3 spear (weapon)
Armour
 s - a +1 robe of fire resistance (worn)
Jewellery
 j - a +4 ring of evasion (left hand)
Scrolls
 f - 2 scrolls of torment {unknown}
 h - a scroll of silence {unknown}
 l - a scroll of poison {unknown}
 n - a scroll of magic mapping {unknown}
 q - a scroll of noise {unknown}
Potions
 b - 2 potions of magic
 c - a potion of ambrosia
 d - a potion of attraction
 e - 2 potions of curing
 g - a potion of lignification {unknown}
 k - 4 potions of might
 m - a potion of heal wounds {unknown}
 o - a potion of haste {unknown}
 p - a potion of mutation {unknown}
 r - 3 potions of degeneration {unknown}


   Skills:
 - Level 2.1 Dodging
 - Level 2.0 Stealth
 + Level 3.5 Spellcasting
 + Level 4.2 Conjurations
 * Level 7.3 Air Magic


You had 9 spell levels left.
You knew the following spells:

 Your Spells              Type           Power      Damage    Failure   Level
d - Static Discharge      Conj/Air       22%        3-6/arc   2%          2
s - Shock                 Conj/Air       88%        1d8       1%          1

Your spell library contained the following spells:

 Spells                   Type           Power      Damage    Failure   Level
 Swiftness                Air            27%        N/A       2%          3
 Airstrike                Air            13%        2d(2-18)  9%          4
 Gell's Gravitas          Tloc           2%         N/A       45%         3
 Teleport Other           Tloc           2%         N/A       45%         3
 Dispersal                Tloc           1%         N/A       100%        6


Dungeon Overview and Level Annotations

Branches:
Dungeon (5/15)
 Temple: D:4-7

Altars:
Cheibriados
Dithmenos
Gozag
Hepliaklqana
Ru
Uskayaw

Shops:
D:2 ?

Annotations:
D:5 Duvessa


Innate Abilities, Weirdness & Mutations

You have a beak for a mouth.
You have claws for feet.
Your magical nature lets you fly swiftly and evasively.


Message History

HP restored.
Duvessa, Sister of Dowan comes into view.
She is wielding a +4 short sword of venom and carrying a wand of flame (26).
You reach down and open the door.
Found a potion of might.
There is an open door here.
You start waiting.
Duvessa is nearby!
Casting: Static Discharge (safe; 2% risk of failure)
Confirm with . or Enter, or press ? or * to list all spells.
Aiming: Shock (safe; 1% risk of failure)
Press: ? - help, Shift-Dir - straight line, f - Duvessa
Aim: Duvessa, wielding a +4 short sword of venom, wearing a +0 leather armour and carrying a wand of flame (26) (wandering, hasn't noticed you, 77% to hit)
The zap misses Duvessa.
Duvessa shouts!
Duvessa goes berserk!
Duvessa rages.
You hear a shout!
There is an open door here.
You reach down and close the door.
You hear a shout! x2
You hear a shout!
Duvessa barely misses you.
Casting: Shock (safe; 1% risk of failure)
Confirm with . or Enter, or press ? or * to list all spells.
Duvessa is struck by an arc of lightning.
Duvessa is lightly wounded.
You are struck by an arc of lightning.
Duvessa is struck by an arc of lightning!
Duvessa is lightly wounded.
The lightning grounds out.
Duvessa hits you with a +4 short sword of venom!
You are poisoned.
Casting: Static Discharge (safe; 2% risk of failure)
Confirm with . or Enter, or press ? or * to list all spells.
Duvessa is struck by an arc of lightning!
Duvessa is moderately wounded.
You are struck by an arc of lightning.
The lightning grounds out.
You feel very sick.
Duvessa hits you with a +4 short sword of venom!
You die...

...!.....###...######.##
........................
.........###...#######.#
.........# #e..# #.#
.........# #...# #.#
......... #...# #.#
........####...# #.#
........+.e....# #.#
.......@####..## #.#
........e###..### ###.#
######.......... ..#.#
#####.#.......## #.#.#
..............# #.#.#
##.#.###...# #.#.#
#.#.###...#####.#.#
####.#.##............#
#.#.##.#...............#


You could see Duvessa (berserk).

Vanquished Creatures
  A black bear (D:4)
  Dowan (D:5)
  A jelly (D:4)
  A hound (D:4)
  An orc wizard (D:4)
  3 adders (D:3)
  An ufetubus (D:4)
  A worm (D:3)
  6 dart slugs
  5 orcs
  7 bats
  8 endoplasms
  6 giant cockroaches
  9 goblins
  5 hobgoblins
  2 jackals (D:1)
  3 quokkas
  7 ball pythons
  2 frilled lizards (D:1)
  4 kobolds
  7 rats
81 creatures vanquished.

Notes
Turn   | Place    | Note
-------+----------+-------------------------------------------
     0 | D:1      | Godmorgon the Tengu Air Elementalist began the quest for
                  | the Orb.
     0 | D:1      | Reached XP level 1. HP: 10/10 MP: 4/4
   470 | D:1      | Reached XP level 2. HP: 15/15 MP: 1/6
   536 | D:1      | Learned a level 2 spell: Static Discharge
   679 | D:1      | Found a faded altar of an unknown god.
  1115 | D:1      | Reached XP level 3. HP: 18/19 MP: 4/7
  1592 | D:1      | Reached skill level 5 in Air Magic
  2352 | D:2      | Found Maut's Magic Scroll Shop.
  2359 | D:2      | Bought a scroll of identify for 28 gold pieces
  2726 | D:2      | Reached XP level 4. HP: 20/24 MP: 5/8
  2772 | D:2      | Found a hazy altar of Hepliaklqana.
  3718 | D:3      | Found a hide-covered altar of Uskayaw.
  3934 | D:4      | Noticed a black bear
  3941 | D:4      | Killed a black bear
  3942 | D:4      | Reached skill level 6 in Air Magic
  3942 | D:4      | Gained mutation: Your magical nature lets you fly swiftly
                  | and evasively. [Tengu growth]
  3942 | D:4      | Reached XP level 5. HP: 27/28 MP: 1/10
  4048 | D:4      | Reached XP level 6. HP: 32/32 MP: 7/11
  4081 | D:4      | Found a hazy altar of Hepliaklqana.
  4416 | D:4      | Found a snail-covered altar of Cheibriados.
  4433 | D:4      | Found a sacrificial altar of Ru.
  4522 | D:4      | Reached skill level 7 in Air Magic
  4728 | D:4      | Found an opulent altar of Gozag.
  5045 | D:5      | Entered Level 5 of the Dungeon
  5092 | D:5      | Found a shadowy altar of Dithmenos.
  5172 | D:5      | Noticed Dowan
  5196 | D:5      | Killed Dowan
  5373 | D:5      | Noticed Duvessa
  5434 | D:5      | Slain by Duvessa

Illustrated notes

Levels and vault maps discovered:
D:1:      kilobyte_arrival_exit_the_forest, layout_loops_ring,
          hellmonk_ecumenical_altar_defaced_shrine,
          hangedman_decor_diamond_cutter, minmay_misc_feat_iff,
          minmay_tiny_reverse_x
D:2:      layout_rooms, basic_altar, serial_shops, nicolae_shop_stone
D:3:      layout_basic, mainiacjoe_overflow_chevrons, grunt_ministairs_15
D:4:      layout_cave_pods, old_standard_altar, mainiacjoe_overflow_alcove_2,
          nicolae_ru_great_annihilating_truth, grunt_gozag_statues,
          serial_column_ruins, column_ruins_square_medium,
          column_ruins_hut_pillars, column_ruins_grid_4, column_ruins_grid_4,
          column_ruins_corridor_straight, column_ruins_columns_corner,
          column_ruins_grid_1
D:5:      layout_basic, mainiacjoe_overflow_alcove_1,
          grunt_dithmenos_smoke_and_mirrors, serial_shops,
          nicolae_shop_hallway_plus, gammafunk_ghost_abyssal_escape,
          hangedman_abyss_or_decor_passed, uniq_duvessa, uniq_grinder,
          uniq_pikel, uniq_menkaure

Skill      XL: |  1  2  3  4  5  6 |
---------------+-------------------+-----
Conjurations   | 2 3 4 |  4.2
Air Magic      | 5 6 7 |  7.3
Spellcasting   | 3 |  3.5
Dodging        | |  2.1
Stealth        | |  2.0

Action                   |  1- 3 |  4- 6 || total
-------------------------+-------+-------++-------
Melee: Unarmed           |     3 |       ||     3
       Peck              |     1 |       ||     1
       Dagger            |       |     1 ||     1
 Cast: Shock             |    44 |    42 ||    86
       Static Discharge  |    25 |    29 ||    54
  Use: Scroll            |     2 |     2 ||     4
Armor: Robe              |     2 |     3 ||     5
Dodge: Dodged            |    22 |    10 ||    32
